Unix NetHack Version 5.0.0-0 post-release - last build May 31 2026 23:59:36 (970b52f25bf058293b47ddfd14a1e40e571c508c,branch:main).

Game began 2026-06-05 21:37:41, ended 2026-06-08 23:41:39.

BeardyHaddock, neutral male gnomish Archeologist

                                                                  ----
                                                              -----..--
                                                             .........----
                                                             -.......?....
                                                        ..----....{.....--
                                                        -...............-.
                                                        ---..|.......%.--
                                                        --...|-...---a--
                                                   ------....----   -@-
                                                   |...|......|.|  |.@..
                                                   |...---....|.-- |%!%f|
                                                   |..........|..| ------
                                                   |.....|....|..-----
                                                   --...----. |....|.---
                                                    --..|     |..)......---
                                                     |..|     ----.....-|.--
                                                     |..|---------.|....|..--
                                                     |..--.........|---.....|
                                                     --.......------  ---..<|
                                                      ---------         -----
BeardyHaddock the Investigator  St:18/02 Dx:11 Co:13 In:18 Wi:12 Ch:9  Neutral
Dlvl:7  $:0  HP:0(40) Pw:21(26) AC:10 Xp:6 T:4322 

Latest messages:
 You miss the killer bee.
 The killer bee stings!
 You hear a door open.
 The killer bee stings!
 You miss the killer bee.
 The killer bee stings!
 The killer bee's sting was poisoned!
 Are you sure you want to pray? [yn] (n) y
 You begin praying to Camaxtli.
 You are surrounded by a shimmering light.
 The killer bee starts to attack you, but pulls back.
 The killer bee starts to attack you, but pulls back.
 The killer bee starts to attack you, but pulls back.
 The killer bee starts to attack you, but pulls back.
 The killer bee starts to attack you, but pulls back.
 You finish your prayer.
 You feel that Camaxtli is well-pleased.
 Your pick-axe softly glows with a light blue aura.
 What do you want to write with? [- aglpsMN or ?*] -
 You write in the dust with your fingertip.
 What do you want to write in the dust here? Elbereth
 The killer bee stings!
 What do you want to drop? [$a-jloprsu-zA-FI-N or ?*] ?
 Never mind.
 What do you want to zap? [lp or ?*] l
 Nothing happens.
 The killer bee stings!
 What do you want to drop? [$a-jloprsu-zA-FI-N or ?*] ?
 Never mind.
 What do you want to read? [iyA-CJ or ?*] ?
 As you read the scroll, it disappears.
 Semai gets angry!
 The neighborhood is unfriendlier.
 The killer bee stings!
 Semai zaps a hexagonal wand!
 The wand misses you.
 The wand hits the killer bee!
 The killer bee is killed!
 The wand misses the killer bee.
 What do you want to use or apply? [ae-jlopvxIJ or ?*] <esc>
 Never mind.
 What do you want to zap? [lp or ?*] p
 In what direction? .
 The killer bee stings!
 Semai zaps a wand of striking!
 The wand hits you!
 You die...
 Semai takes all your possessions.
 Do you want to see what you had when you died? [ynq] (y) y
 Do you want to see your attributes? [ynq] (y) q

Inventory:
 Weapons  (')')
  a - a +2 bullwhip (alternate weapon; not wielded)
 Armor    ('[')
  c - an uncursed +0 fedora (being worn)
  K - an uncursed +0 pair of iron shoes
  E - an uncursed +0 pair of water walking boots
  L - an uncursed +0 dwarvish cloak
  b - an uncursed burnt +0 leather jacket (being worn)
 Comestibles  ('%')
  d - 4 uncursed food rations
  r - 2 uncursed food rations
  z - an uncursed lembas wafer
 Scrolls  ('?')
  A - an uncursed scroll of identify
  y - an uncursed scroll of remove curse
  C - a cursed scroll of remove curse
 Spellbooks  ('+')
  J - an uncursed spellbook of force bolt
  i - an uncursed spellbook of magic missile
 Potions  ('!')
  w - an uncursed potion of monster detection
  D - an uncursed potion of object detection
  F - an uncursed potion of speed
  u - an uncursed potion of water
 Rings    ('=')
  M - an uncursed ring of regeneration (on right hand)
 Wands    ('/')
  p - a wand of digging (0:2)
  l - a wand of lightning (0:0)
 Tools    ('(')
  h - an empty uncursed sack
  I - an uncursed bugle
  x - an uncursed blindfold
  j - an uncursed brass lantern
  o - an uncursed brass lantern (lit)
  e - a blessed +0 pick-axe (weapon in right hand)
  v - an uncursed skeleton key
  f - a tinning kit (0:70)
 Gems/Stones  ('*')
  s - an uncursed chrysoberyl stone
  N - an uncursed luckstone
  g - 2 uncursed touchstones

BeardyHaddock the Archeologist's attributes:

Background:
 You were an Investigator, a level 6 male gnomish Archeologist.
 You were neutral, on a mission for Camaxtli
 who was opposed by Quetzalcoatl (lawful) and Huhetotl (chaotic).
 You were right-handed.
 You were in the Gnomish Mines, on level 7.
 You entered the dungeon 4322 turns ago.
 It was nighttime.
 You had 453 experience points, 187 more were needed to attain level 7.

Basics:
 You had 0 out of 40 hit points.
 You had 21 out of 26 energy points (spell power).
 Your armor class was 10.
 Your wallet was empty.
 Autopickup was off.

Final Characteristics:
 Your strength was 18/02 (limit:18/50).
 Your dexterity was 11 (limit:18).
 Your constitution was 13 (limit:18).
 Your intelligence was 18 (limit:19).
 Your wisdom was 12 (limit:18).
 Your charisma was 9 (limit:18).

Final Status:
 You weren't hungry.
 You were unencumbered.
 You were wielding a pick-axe.
 You had basic skill with pick-axe.

Final Attributes:
 You were piously aligned.
 You were telepathic.
 You had automatic searching.
 You had infravision.
 You were stealthy.
 You regenerated.
 You were lucky.
 You had extra luck.
 Bad luck did not time out for you.
 Good luck did not time out for you.
 You are dead.

Miscellaneous:
 You didn't encounter any bones levels.
 Total elapsed playing time was 50 minutes and 57 seconds.

Major events:
 Turn
    1: BeardyHaddock the neutral male gnomish Archeologist entered the dungeon
 1661: entered the Gnomish Mines
 2032: attained the rank of Field Worker (level 3)
 4218: reached Mine Town
 4309: attained the rank of Investigator (level 6)
 4322: killed by a wand

Spells:
 Name                 Level Category     Fail Retention
 cause fear             3   enchantment   86%  76%-100%
 force bolt             1   attack         0%  76%-100%
 magic missile          2   attack        59%  76%-100%

Skills:
 Fighting Skills
   bare handed combat [Unskilled]
   two weapon combat  [Unskilled]
   riding             [Unskilled]
 Weapon Skills
   dagger             [Unskilled]
   knife              [Unskilled]
   pick-axe           [Basic]
   short sword        [Unskilled]
   saber              [Unskilled]
   club               [Unskilled]
   quarterstaff       [Unskilled]
   sling              [Unskilled]
   dart               [Unskilled]
   boomerang          [Unskilled]
   whip               [Basic]
   unicorn horn       [Unskilled]
 Spellcasting Skills
   attack spells      [Unskilled]
   healing spells     [Unskilled]
   divination spells  [Unskilled]
   matter spells      [Unskilled]

Voluntary challenges:
 Character rerolling was not enabled.
 You never genocided any monsters.
 You never polymorphed an object.
 You never changed form.
 You used no wishes.
Achievements:
 You entered a shop.
 You entered the Gnomish Mines.
 You attained the rank of Field Worker.
 You entered Minetown.
 You attained the rank of Investigator.

 The Dungeons of Doom: levels 1 to 3
    Level 1:
       A fountain.
    Level 2:
       A general store, a fountain.
    Level 3:
       Some fountains, a sink.
       Stairs down to The Gnomish Mines.
 The Gnomish Mines: levels 4 to 7
    Level 4:
    Level 5:
    Level 6:
    Level 7: <- You were here.
       A food shop, a fountain.
       Final resting place for
          you, killed by a wand.


Vanquished creatures:
  a gnome ruler
  2 dingoes
  a gnome mummy
  a bugbear
  2 rock moles
  2 ponies
  a yellow light
  3 gnome leaders
  a giant ant
  a little dog
  2 floating eyes
  a kitten
  4 dwarves
  a kobold leader
  2 hill orcs
  4 rothes
  a centipede
  a giant bat
  2 orc zombies
  3 dwarf zombies
  2 wererats
  5 iguanas
  7 killer bees
 an acid blob
  3 coyotes
  2 hobbits
  2 manes
  a large kobold
  2 giant rats
  a cave spider
  2 yellow molds
  8 gnomes
  2 garter snakes
  2 gnome zombies
  a gecko
  3 jackals
  2 foxes
  2 kobolds
  2 goblins
  6 sewer rats
  6 grid bugs
  3 bats
  7 lichens
  2 kobold zombies
  8 newts
118 creatures vanquished.

No species were genocided or became extinct.

Game over:
                       ----------
                      /          \
                     /    REST    \
                    /      IN      \
                   /     PEACE      \
                  /                  \
                  |  BeardyHaddock   |
                  |       0 Au       |
                  | killed by a wand |
                  |                  |
                  |                  |
                  |                  |
                  |       2026       |
                 *|     *  *  *      | *
        _________)/\\_//(\/(/\)/\//\/|_)_______

Goodbye BeardyHaddock the Archeologist...

You died in The Gnomish Mines on dungeon level 7 with 2192 points,
and 0 pieces of gold, after 4322 moves.
You were level 6 with a maximum of 40 hit points when you died.

